AoeStats
← marius.zwei91

Northern Isles

510367176Analyzed
1v1 RM · 2d ago on Sep 30, 2026· 54m 10s· 2 players
Game mode
Random Map
Map size
Tiny (2 player)
Population
200
Speed
Normal
Resources
Standard
Victory
Conquest
Starting age
Dark Age
Ending age
Imperial Age
RankedLock teamsTeams togetherTeam positionsShared explorationLock speedFull tech treeHidden civsTurbo modeCheats
Victory
Defeat
🇨🇦 Japanese · Canada
832
+14
🇩🇪 Celts · Germany
784
-14
marius.zwei91
7:40 Loom
11:38 Feudal Age
17:22 Castle Age
15:26 Double-Bit Axe
16:17 Fletching
19:52 Crossbowman
25:54 Forging
38:41 Imperial Age
47:30 Chemistry
Rondeau1993
13:14 Feudal Age
14:52 Man-at-Arms
17:26 Town Watch
18:49 Arson
23:46 Castle Age
22:00 Scale Mail Armor
22:11 Forging
24:45 Squires
25:43 Iron Casting
25:59 Horse Collar
33:18 Wheelbarrow
36:44 Imperial Age
35:32 Heavy Plow
35:20 Double-Bit Axe
36:59 Chain Mail Armor
36:50 Town Patrol
38:21 Conscription
38:56 Plate Mail Armor
41:24 Blast Furnace
45:47 Ballistics
47:27 Kataparuto
47:32 Elite Samurai
Connection lost

Rejoining the realm…

Still unreachable

The connection could not be restored.

Session expired

The server has moved on; the page needs a fresh start.